 Dungeon Crawl Stone Soup version 0.24.1-14-gf8d2b509d9 (webtiles) character file.

Game seed: 15177668365539606843, levelgen mode: deterministic

4181 mortelune the Transmogrifier (level 10, 0/88 HPs)
             Began as a Naga Transmuter on May 23, 2020.
             Slain by a hell rat (15 damage)
             ... summoned by a deep elf mage
             ... in a bailey.
             The game lasted 00:22:00 (10835 turns).

mortelune the Transmogrifier (Naga Transmuter)     Turns: 10835, Time: 00:22:01

Health: 0/88       AC:  2    Str: 13    XL:     10   Next: 28%
Magic:  8/20       EV: 18    Int: 16    God:
Gold:   300        SH:  4    Dex: 17    Spells: 8/23 levels left

rFire    . . .     SeeInvis +     - Unarmed
rCold    + . .     Gourm    .   (shield currently unavailable)
rNeg     . . .     Faith    .   (armour currently unavailable)
rPois    x         Spirit   .   (helmet currently unavailable)
rElec    .         Reflect  +   (cloak currently unavailable)
rCorr    .         Harm     .   (gloves currently unavailable)
MR       +....                  (no barding)
Stlth    ++........             C - +4 amulet of reflection
HPRegen  0.24/turn              I - ring of protection from cold
MPRegen  0.17/turn              (no ring)

@: spider-form, very slightly contaminated, drained
A: tiny, see invisible, slow metabolism 1, spit poison 1, AC +3
a: Spit Poison, End Transformation


You were in a bailey.
You were not hungry.
You were a venomous arachnid creature.
You visited 2 branches of the dungeon, and saw 8 of its levels.
You also visited: Ossuary and Bailey.

You collected 300 gold pieces.

Inventory:

Missiles
 p - 35 poisoned darts
 q - 6 curare-tipped darts
 L - 42 arrows
 Q - 189 stones (quivered)
Armour
 b - a +0 robe (melded)
 l - a +0 cloak (melded)
 v - a +0 pair of gloves (melded)
 J - a +0 helmet (melded)
Jewellery
 C - a +4 amulet of reflection (around neck)
 I - a ring of protection from cold (left front leg)
Wands
 d - a wand of disintegration (15)
 x - a wand of scattershot (6)
 y - a wand of polymorph (12)
 A - a wand of iceblast (9)
 D - a wand of digging (3)
 H - a wand of paralysis (7)
 K - a wand of acid (7)
Scrolls
 f - 3 scrolls of fog
 s - 8 scrolls of remove curse
 t - 4 scrolls of teleportation
Potions
 a - 2 potions of curing
 j - 2 potions of might
 k - 2 potions of cancellation
 m - a potion of brilliance
 n - 2 potions of magic
 r - a potion of invisibility {unknown}
 u - 3 potions of ambrosia {unknown}
 w - a potion of mutation {unknown}
 z - 4 potions of agility {unknown}
 E - a potion of lignification {unknown}
 G - a potion of resistance {unknown}
Comestibles
 h - 6 rations


   Skills:
 + Level 5.2(4.3) Fighting
 - Level 1.5(0.6) Dodging
 + Level 6.1(5.1) Unarmed Combat
 + Level 7.0(5.9) Spellcasting
 * Level 10.4(9.3) Transmutations


You had 8 spell levels left.
You knew the following spells:

 Your Spells              Type           Power        Failure   Level  Hunger
a - Beastly Appendage     Tmut           ####..       2%          1    None
b - Sticks to Snakes      Tmut           ####....     3%          2    #......
c - Spider Form           Tmut/Pois      ###.......   17%         3    ##.....
d - Ice Form              Ice/Tmut       ###.....     41%         4    ####...
e - Blade Hands           Tmut           ####......   22%         5    ######.

Your spell library contained the following spells:

 Spells                   Type           Power        Failure   Level  Hunger
 Corona                   Hex            #......      32%         1    None
 Ensorcelled Hibernation  Hex/Ice        #.....       43%         2    #......
 Confuse                  Hex            #.......     61%         3    ##.....
 Dazzling Spray           Conj/Hex       #.....       61%         3    ##.....
 Tukima's Dance           Hex            #.......     61%         3    ##.....


Dungeon Overview and Level Annotations

Branches:
Dungeon (7/15)             Temple (1/1) D:6         Ossuary (visited)
 Bailey (1/1)

Altars:
Ashenzari
Cheibriados
Dithmenos
Elyvilon
Fedhas
Gozag
Hepliaklqana
Kikubaaqudgha
Makhleb
Nemelex Xobeh
Okawaru
Qazlal
Ru
Sif Muna
Trog
Uskayaw
Vehumet
Xom
Yredelemnul
Zin
The Shining One

Shops:
D:5 =


Innate Abilities, Weirdness & Mutations

You cannot wear boots.
((Your serpentine skin is tough. (AC +3)))
You have supernaturally acute eyesight. (SInv)
((Armour fits poorly on your strangely shaped body.))
((Your system is resistant to poisons. (rPois)))
((You cover ground very slowly.))
You have a slow metabolism.
You can spit poison.


Message History

You hit the hell rat.
The hell rat looks as sick as possible!
The hell rat is severely wounded.
Cornered, the tarantella turns to fight!
Your adder bites the hell rat but does no damage.
The hell rat closely misses you.
You hit the hell rat.
You kill the hell rat!
The hell rat's corpse disappears in a puff of smoke!
The hell rat bites your adder!
Your adder dies!
You hit the hell rat.
The hell rat is lightly wounded.
The hell rat bites you!
* * * LOW HITPOINT WARNING * * *
You feel drained.
* * * LOW HITPOINT WARNING * * *
You hit the hell rat but do no damage.
The hell rat is poisoned.
The hell rat is lightly wounded.
The hell rat bites you!
You die...

#####
##...######
#..∩..##..##
#..s..#....#
##srs##S...#
####'##)§##
##.).###
#.....#
#..∩..#
#.s...#
#...s##
#)##### Y.#


You could see a tarantella, a redback and a hell rat.

Vanquished Creatures
  5 deep elf magi (Bailey)
  Menkaure (D:6)
  A water moccasin (D:5)
  4 phantoms
  A sky beast (D:6)
  4 ogres
  3 bullfrogs
  A scorpion (D:5)
  A howler monkey (D:5)
  2 crimson imps (D:5)
  A bullfrog zombie (D:6)
  A hound (D:6)
  A gnoll shaman (D:5)
  2 iguanas (D:6)
  Jessica (D:2)
  A centaur skeleton (D:4)
  3 orc wizards
  5 worker ants
  A hound skeleton (D:6)
  14 mummies
  Robin (D:2)
  5 gnolls
  A howler monkey skeleton (D:3)
  9 adders
  A shadow imp (D:5)
  An adder skeleton (D:4)
  5 worms
  A dart slug (D:5)
  4 leopard geckos
  19 orcs
  6 bats
  7 giant cockroaches
  5 hobgoblins
  2 jackals (D:3)
  4 kobolds
  3 quokkas
  A ball python (D:2)
  6 frilled lizards
  2 gnoll skeletons (Ossuary)
  14 goblins
  A goblin skeleton (Ossuary)
  A jackal skeleton (D:4)
  4 kobold skeletons (Ossuary)
  A kobold zombie (D:6)
  A leopard gecko zombie (D:6)
  An orc skeleton (Ossuary)
  An orc zombie (D:6)
  9 rats
  11 rat skeletons (Ossuary)
180 creatures vanquished.

Vanquished Creatures (collateral kills)
  A gnoll (D:7)
  An adder (D:2)
  An adder skeleton (D:7)
  An orc (D:7)
  2 goblins
  A quokka (D:3)
  A kobold (D:2)
8 creatures vanquished.

Vanquished Creatures (others)
  An adder skeleton (D:4)
1 creature vanquished.

Grand Total: 189 creatures vanquished

Notes
Turn   | Place    | Note
-------+----------+-------------------------------------------
     0 | D:1      | mortelune the Naga Transmuter began the quest for the Orb.
     0 | D:1      | Reached XP level 1. HP: 18/18 MP: 3/3
   313 | D:1      | Reached XP level 2. HP: 25/25 MP: 3/5
   317 | D:1      | Learned a level 2 spell: Sticks to Snakes
  1628 | D:2      | Reached skill level 3 in Transmutations
  1628 | D:2      | Reached XP level 3. HP: 31/31 MP: 0/6
  1656 | D:2      | Learned a level 3 spell: Spider Form
  1853 | D:2      | Noticed an ogre
  2324 | D:3      | Reached XP level 4. HP: 23/38 MP: 1/8
  2943 | D:3      | Reached skill level 4 in Transmutations
  3320 | D:2      | Noticed Jessica
  3328 | D:2      | Killed Jessica
  3328 | D:2      | Reached XP level 5. HP: 43/44 MP: 4/9
  3453 | D:3      | Found a radiant altar of Vehumet.
  3965 | D:4      | Noticed an ogre
  3965 | D:4      | Noticed an ogre
  3977 | D:3      | Killed an ogre
  3977 | D:3      | Reached skill level 5 in Transmutations
  3977 | D:3      | Reached XP level 6. HP: 51/51 MP: 7/11
  4351 | D:2      | Noticed Robin
  4358 | D:2      | Killed Robin
  4703 | D:2      | Learned a level 4 spell: Ice Form
  4787 | D:4      | Noticed a phantom
  4845 | D:4      | Reached skill level 6 in Transmutations
  4848 | D:4      | Reached XP level 7. HP: 39/57 MP: 5/13
  5296 | D:4      | Found a shadowy altar of Dithmenos.
  5427 | D:4      | Found a stormy altar of Qazlal.
  5689 | D:4      | Found a glowing silver altar of Zin.
  6141 | D:5      | Entered Level 5 of the Dungeon
  6150 | D:5      | Reached skill level 7 in Transmutations
  6547 | D:5      | Reached skill level 5 in Spellcasting
  6547 | D:5      | Reached XP level 8. HP: 64/64 MP: 6/15
  6648 | D:5      | Found Pemolan's Jewellery Boutique.
  7385 | D:5      | Reached skill level 8 in Transmutations
  7496 | D:5      | Learned a level 5 spell: Blade Hands
  7969 | D:6      | Found a sand-covered staircase.
  7975 | Ossuary  | Entered an ossuary
  8935 | Ossuary  | Reached XP level 9. HP: 75/75 MP: 17/17
  9294 | D:6      | Found a staircase to the Ecumenical Temple.
  9498 | D:6      | Noticed Menkaure
  9500 | D:6      | Killed Menkaure
  9650 | D:6      | Reached skill level 9 in Transmutations
  9797 | D:6      | Found a snail-covered altar of Cheibriados.
  9934 | D:6      | Found an opulent altar of Gozag.
  9934 | D:6      | Found an iron altar of Okawaru.
  9935 | D:6      | Found a hide-covered altar of Uskayaw.
 10091 | Temple   | Entered the Ecumenical Temple
 10446 | D:7      | Found a flagged portal.
 10686 | Bailey   | Entered a bailey
 10730 | Bailey   | Noticed a deep elf mage
 10738 | Bailey   | Killed a deep elf mage
 10738 | Bailey   | Reached skill level 5 in Unarmed Combat
 10782 | Bailey   | Noticed a deep elf mage
 10783 | Bailey   | Noticed a deep elf mage
 10783 | Bailey   | Noticed a deep elf mage
 10784 | Bailey   | Noticed a jumping spider
 10792 | Bailey   | Noticed a deep elf mage
 10794 | Bailey   | Killed a deep elf mage
 10799 | Bailey   | Killed a deep elf mage
 10799 | Bailey   | Reached skill level 10 in Transmutations
 10799 | Bailey   | Reached XP level 10. HP: 79/87 MP: 13/20
 10799 | Bailey   | Noticed a deep elf mage
 10807 | Bailey   | Noticed an orange demon
 10816 | Bailey   | Killed a deep elf mage
 10816 | Bailey   | Reached skill level 5 in Fighting
 10825 | Bailey   | Killed a deep elf mage
 10835 | Bailey   | Slain by a hell rat

Levels and vault maps discovered:
D:1:      dpeg_arrival_round_b, layout_loops_ring, grunt_decor_fettered
D:2:      layout_rooms, first_ration, minmay_tetromino_i2, uniq_robin,
          uniq_jessica
D:3:      layout_rooms, lemuel_doored_altar
D:4:      layout_rooms, grunt_qazlal_clouds, lemuel_crystal_altar,
          grunt_dithmenos_smoke_and_mirrors
D:5:      layout_loops_ring, serial_shops, shop, minmay_misc_feat_rows
D:6:      layout_rooms, slow_altar_2, gammafunk_temple_overflow_forgotten,
          minmay_temple_entry_water_ring, nicolae_ossuary_entry_giza,
          eino_small_chamber_without_monster, uniq_menkaure
D:7:      layout_loops_ring, enter_bailey_7, grunt_livestock, eino_tiny_chamber,
          uniq_duvessa
Temple:   dpeg_chambers_temple
Bailey:   bailey_polearm_3, bailey

Skill      XL: |  1  2  3  4  5  6  7  8  9 10 |
---------------+-------------------------------+-----
Transmutations | 3 4 5 6 7 8 10 | 10.4
Spellcasting   | 3 4 5 6 7 |  7.0
Fighting       | 3 4 5 |  5.2
Unarmed Combat | 4 5 6 |  6.1
Dodging        | |  1.5

Action                   |  1- 3 |  4- 6 |  7- 9 | 10-12 || total
-------------------------+-------+-------+-------+-------++-------
Melee: Unarmed           |    82 |   144 |   352 |    19 ||   597
       Headbutt          |     2 |     1 |       |       ||     3
       Punch             |       |       |     1 |       ||     1
 Cast: Beastly Appendage |    18 |     3 |       |       ||    21
       Sticks to Snakes  |     7 |     2 |    11 |     4 ||    24
       Spider Form       |     3 |    18 |    17 |     1 ||    39
       Ice Form          |       |       |    22 |       ||    22
       Blade Hands       |       |       |    10 |       ||    10
 Abil: Spit Poison       |     3 |     2 |       |       ||     5
Evoke: Wand              |     2 |       |     4 |       ||     6
  Use: Scroll            |       |     8 |     7 |     3 ||    18
       Potion            |       |       |     1 |     4 ||     5
  Eat: Chunk             |     4 |     8 |     9 |       ||    21
       Ration            |       |       |     5 |       ||     5
Armor: Robe              |    13 |    15 |    19 |     1 ||    48
       Skin              |     1 |    12 |    37 |       ||    50
Dodge: Dodged            |    59 |   162 |   152 |    23 ||   396
Block: Other             |       |       |    23 |     4 ||    27
